Sharks vs Flames

Created - 10 février 2021 at 11:42

Goals
1 2 3 OT1 SO T
Sharks 2 0 0 0 0 2
Flames 0 1 1 0 1 3
Shots
1 2 3 OT1 SO T
Sharks 18 11 11 2 5 42
Flames 6 16 10 4 5 36

1st period

1. Sharks , Dylan Larkin 16 (Teuvo Teravainen 17) at 9:49
2. Sharks , Kenny Agostino 5 (Robert Thomas 9, Shea Theodore 6) at 16:45

Penalties :
No Penalty

2nd period

3. Flames , Danton Heinen 5 (Sam Reinhart 21, Drew Doughty 18) at 12:32

Penalties :
No Penalty

3rd period

4. Flames , David Kampf 6 (Kevan Miller 4, Alex Biega 1) at 11:18

Penalties :
Mark Borowiecki (SJS) for Tripping (Minor) at 16:00

Overtime #1

No Goal

Penalties :
No Penalty

Shootout

Sharks, Sidney Crosby - Stopped by Carey Price
Flames, Sam Reinhart - Shot Misses the Net
Sharks, Gabriel Landeskog - Stopped by Carey Price
Flames, David Kampf - Stopped by Darcy Kuemper
Sharks, Dylan Larkin - Stopped by Carey Price
Flames, Ryan Donato - Shot Misses the Net
Sharks, Jonathan Huberdeau - Stopped by Carey Price
Flames, Melker Karlsson - Shot Misses the Net
Sharks, Teuvo Teravainen - Stopped by Carey Price
Flames, Pavel Zacha - Goal!

Penalties :
No Penalty

Goalie Stats

Darcy Kuemper (SJS), 34 saves from 36 shots - (0,944), OTL, 16-5-3, 65:00 minutes
Carey Price (CAL), 40 saves from 42 shots - (0,952), W, 14-14-0, 65:00 minutes

Players Stats for Sharks

Player Name              G  A  P  +/- PIM S  H  SB GA TA FO     MP     PP MP  PK MP  
------------------------------------------------------------------------------------
Alex Pietrangelo         0  0  0  -1  0   6  0  3  0  1  0/0    28:20   0:00   1:06 
Andreas Johnsson         0  0  0   0  0   1  3  1  0  0  0/0    16:18   0:00   0:00 
Boone Jenner             0  0  0   0  0   8  4  1  0  0  6/12   21:07   0:00   0:57 
Brendan Gaunce           0  0  0   0  0   1  0  0  0  1  1/1    10:27   0:00   0:39 
Colton Sceviour          0  0  0   1  0   0  0  0  0  0  0/2     4:29   0:00   0:56 
Dylan Larkin             1  0  1   0  0   2  0  0  0  1  7/16   18:23   0:00   0:00 
Gabriel Landeskog        0  0  0  -1  0   2  0  0  0  1  0/1    20:46   0:00   0:20 
Jonathan Huberdeau       0  0  0  -1  0   2  1  0  0  1  0/0    20:14   0:00   0:27 
Kenny Agostino           1  0  1   1  0   2  2  0  0  0  0/2    13:25   0:00   0:00 
Kristians Rubins         0  0  0   0  0   1  0  3  0  0  0/0    20:58   0:00   0:53 
Mark Borowiecki          0  0  0  -1  2   1  4  0  0  0  0/0    21:44   0:00   0:00 
Michael Raffl            0  0  0   0  0   1  1  0  1  2  0/0    10:27   0:00   0:39 
Mirco Mueller            0  0  0   0  0   2  1  2  0  0  0/0    20:58   0:00   0:53 
Nelson Nogier            0  0  0   1  0   0  0  0  0  0  0/0    16:34   0:00   0:00 
Robert Thomas            0  1  1   1  0   3  0  0  1  0  0/1    14:55   0:00   0:00 
Shea Theodore            0  1  1   1  0   1  1  0  0  0  0/0    16:26   0:00   1:06 
Sidney Crosby            0  0  0  -1  0   6  0  1  1  1  14/22  20:30   0:00   0:00 
Teuvo Teravainen         0  1  1   0  0   3  1  0  0  0  0/0    16:59   0:00   0:00 

Players Stats for Flames

Player Name              G  A  P  +/- PIM S  H  SB GA TA FO     MP     PP MP  PK MP  
------------------------------------------------------------------------------------
Alex Biega               0  1  1   1  0   0  3  0  0  0  0/0    14:20   0:33   0:00 
Alex Chiasson            0  0  0   1  0   2  1  2  0  0  0/0    15:22   0:51   0:00 
Anders Lee               0  0  0   0  0   6  2  1  1  1  2/4    23:02   1:00   0:00 
Danton Heinen            1  0  1   1  0   3  0  0  0  0  0/1    13:23   0:00   0:00 
David Kampf              1  0  1   1  0   1  1  1  0  0  2/3    13:09   0:00   0:00 
David Krejci             0  0  0   0  0   4  3  0  1  0  15/30  22:23   1:05   0:00 
Deryk Engelland          0  0  0  -1  0   2  4  0  0  0  0/0    22:12   0:29   0:00 
Drew Doughty             0  1  1   0  0   1  0  2  0  0  0/0    28:58   0:57   0:00 
Jason Demers             0  0  0  -2  0   0  0  0  0  0  0/0     8:56   0:00   0:00 
Kevan Miller             0  1  1   2  0   1  0  3  0  1  0/0    23:26   1:02   0:00 
Melker Karlsson          0  0  0   0  0   0  0  0  0  0  0/0    10:13   0:11   0:00 
Nate Thompson            0  0  0   0  0   0  0  0  0  0  3/3     8:57   0:00   0:00 
Nick Bjugstad            0  0  0  -1  0   1  1  0  2  1  0/0    15:40   0:00   0:00 
Pavel Zacha              0  0  0  -1  0   2  1  4  0  0  6/13   18:29   0:51   0:00 
Ryan Donato              0  0  0  -1  0   2  2  1  0  0  0/0    18:10   0:51   0:00 
Sam Reinhart             0  1  1   0  0   6  1  2  1  0  1/3    23:09   1:00   0:00 
Tyson Jost               0  0  0   0  0   2  0  0  1  0  0/0    10:45   0:08   0:00 
Victor Hedman            0  0  0   0  0   3  2  2  2  0  0/0    24:26   0:57   0:00 

3 Stars

1 - Carey Price (CAL)
2 - David Kampf (CAL)
3 - Darcy Kuemper (SJS)

Power Play

Sharks - 0 on 0 Attempt(s) - 0,00%
Flames - 0 on 1 Attempt(s) - 0,00%

Penalty Kill

Sharks - 1 on 1 Attempt(s) - 100,00% - Score 0 goal in Penalty Kill
Flames - 0 on 0 Attempt(s) - 0,00% - Score 0 goal in Penalty Kill

Team Stat

Sharks - Hits : 18 - Faceoff Wins : 28 - Blocked Shots : 11 - Penalty Minutes : 2
Flames - Hits : 21 - Faceoff Wins : 29 - Blocked Shots : 18 - Penalty Minutes : 0

Official

Referees : Brandon Blandina and Garrett Rank
Linesman : Travis Toomey and Vaughan Rody

Game Notes

Jason Demers is injured at 5:05 of 2nd period (Broken Right Thumb)

Finance

Level 1 -- Attendance: 4851 (80,85%) -- Ticket Income 485 100 $
Level 2 -- Attendance: 4731 (94,62%) -- Ticket Income 283 860 $
Level 3 -- Attendance: 1765 (88,25%) -- Ticket Income 61 775 $
Level 4 -- Attendance: 4000 (100,00%) -- Ticket Income 80 000 $
Luxury Box -- Attendance: 830 (83,00%) -- Ticket Income 166 000 $
Game was played at the Ghost Rider Center.
Total Attendance: 16177 (89,87%)
Total Ticket Income: 1 076 735 $
Other Income: 527 600 $
Total Income: 1 604 335 $

Sharks

5 vs 5 Forward 
   Center                   Left Wing                Right Wing               Time % Phy DF OF 
 1 Sidney Crosby            Jonathan Huberdeau       Gabriel Landeskog        32     0   2  3  
 2 Dylan Larkin             Andreas Johnsson         Teuvo Teravainen         28     0   2  3  
 3 Boone Jenner             Kenny Agostino           Robert Thomas            25     0   4  1  
 4 Boone Jenner             Brendan Gaunce           Michael Raffl            15     0   5  0  

5 vs 5 Defense 
   Defense                  Defense                                           Time % Phy DF OF 
 1 Alex Pietrangelo         Mark Borowiecki                                   38     0   4  1  
 2 Kristians Rubins         Mirco Mueller                                     36     0   4  1  
 3 Shea Theodore            Nelson Nogier                                     21     0   5  0  
 4 Alex Pietrangelo         Nelson Nogier                                     5      0   5  0  

PowerPlay Forward 
   Center                   Left Wing                Right Wing               Time % Phy DF OF 
 1 Sidney Crosby            Gabriel Landeskog        Dylan Larkin             55     0   0  5  
 2 Boone Jenner             Teuvo Teravainen         Jonathan Huberdeau       45     0   0  5  

PowerPlay Defense
   Defense                  Defense                                           Time % Phy DF OF 
 1 Alex Pietrangelo         Shea Theodore                                     55     0   1  4  
 2 Mark Borowiecki          Mirco Mueller                                     45     0   1  4  

Penalty Kill 4 Players Forward 
   Center                   Wing                     Time % Phy DF OF 
 1 Boone Jenner             Colton Sceviour          55     0   5  0  
 2 Brendan Gaunce           Michael Raffl            45     0   5  0  

Penalty Kill 4 Players Defense
   Defense                  Defense                  Time % Phy DF OF 
 1 Alex Pietrangelo         Shea Theodore            55     0   5  0  
 2 Mark Borowiecki          Mirco Mueller            45     0   5  0  

Penalty Kill - 3 Players Forward 
   Forward                                           Time % Phy DF OF 
 1 Colton Sceviour                                   55     0   5  0  
 2 Brendan Gaunce                                    45     0   5  0  

Penalty Kill - 3 Players Defense
   Defense                  Defense                  Time % Phy DF OF 
 1 Alex Pietrangelo         Shea Theodore            55     0   5  0  
 2 Mark Borowiecki          Mirco Mueller            45     0   5  0  

4 vs 4 Forward 
   Center                   Wing                     Time % Phy DF OF 
 1 Sidney Crosby            Gabriel Landeskog        55     0   3  2  
 2 Dylan Larkin             Jonathan Huberdeau       45     0   3  2  

4 vs 4 Defense
   Defense                  Defense                  Time % Phy DF OF 
 1 Alex Pietrangelo         Shea Theodore            55     0   4  1  
 2 Mark Borowiecki          Mirco Mueller            45     0   4  1  

Last Minutes Offensive
   Center                   Left Wing                Right Wing               Defense                  Defense                  
   Sidney Crosby            Gabriel Landeskog        Dylan Larkin             Alex Pietrangelo         Shea Theodore            

Last Minutes Defensive
   Center                   Left Wing                Right Wing               Defense                  Defense                  
   Sidney Crosby            Gabriel Landeskog        Dylan Larkin             Alex Pietrangelo         Shea Theodore            

Goaltenders
Starting : Darcy Kuemper            
Backup : Jake Allen               

Extra Forwards
Normal : Andreas Johnsson, Robert Thomas, Colton Sceviour - PP : Andreas Johnsson, Robert Thomas - PK : Colton Sceviour
Extra Defensemen
Normal : Shea Theodore, Mirco Mueller, Mark Borowiecki - PP : Shea Theodore - PK : Kristians Rubins, Mark Borowiecki
Penalty Shots
Sidney Crosby, Gabriel Landeskog, Dylan Larkin, Jonathan Huberdeau, Teuvo Teravainen
Custom OT Lines Forwards
Sidney Crosby, Gabriel Landeskog, Dylan Larkin, Jonathan Huberdeau, Teuvo Teravainen, Boone Jenner, Andreas Johnsson, Robert Thomas, Colton Sceviour, Kenny Agostino
Custom OT Lines Defensemen
Alex Pietrangelo, Shea Theodore, Mark Borowiecki, Mirco Mueller, Kristians Rubins

Scratches
Dillon Dube (Healthy), Zach Werenski (Sore Right Knee Injury), Brett Kulak (Lower Body Injury), Justin Braun (Healthy)

Flames

5 vs 5 Forward 
   Center                   Left Wing                Right Wing               Time % Phy DF OF 
 1 David Krejci             Anders Lee               Sam Reinhart             38     0   1  4  
 2 Pavel Zacha              Ryan Donato              Nick Bjugstad            30     0   2  3  
 3 David Kampf              Danton Heinen            Alex Chiasson            22     1   2  2  
 4 Nate Thompson            Melker Karlsson          Tyson Jost               10     1   3  1  

5 vs 5 Defense 
   Defense                  Defense                                           Time % Phy DF OF 
 1 Victor Hedman            Drew Doughty                                      35     0   3  2  
 2 Deryk Engelland          Jason Demers                                      34     0   3  2  
 3 Kevan Miller             Alex Biega                                        23     1   3  1  
 4 Drew Doughty             Jason Demers                                      8      0   2  3  

PowerPlay Forward 
   Center                   Left Wing                Right Wing               Time % Phy DF OF 
 1 David Krejci             Anders Lee               Sam Reinhart             60     0   0  5  
 2 Pavel Zacha              Ryan Donato              Alex Chiasson            40     0   1  4  

PowerPlay Defense
   Defense                  Defense                                           Time % Phy DF OF 
 1 Drew Doughty             Victor Hedman                                     60     0   1  4  
 2 Kevan Miller             Jason Demers                                      40     0   1  4  

Penalty Kill 4 Players Forward 
   Center                   Wing                     Time % Phy DF OF 
 1 Nate Thompson            Melker Karlsson          60     1   4  0  
 2 David Kampf              Pavel Zacha              40     0   4  1  

Penalty Kill 4 Players Defense
   Defense                  Defense                  Time % Phy DF OF 
 1 Kevan Miller             Jason Demers             60     1   4  0  
 2 Drew Doughty             Deryk Engelland          40     1   4  0  

Penalty Kill - 3 Players Forward 
   Forward                                           Time % Phy DF OF 
 1 Nate Thompson                                     60     0   5  0  
 2 David Kampf                                       40     0   5  0  

Penalty Kill - 3 Players Defense
   Defense                  Defense                  Time % Phy DF OF 
 1 Jason Demers             Kevan Miller             60     0   5  0  
 2 Drew Doughty             Deryk Engelland          40     0   5  0  

4 vs 4 Forward 
   Center                   Wing                     Time % Phy DF OF 
 1 David Krejci             Sam Reinhart             60     0   2  3  
 2 Pavel Zacha              Anders Lee               40     0   2  3  

4 vs 4 Defense
   Defense                  Defense                  Time % Phy DF OF 
 1 Alex Biega               Drew Doughty             60     0   2  3  
 2 Kevan Miller             Victor Hedman            40     0   3  2  

Last Minutes Offensive
   Center                   Left Wing                Right Wing               Defense                  Defense                  
   David Krejci             Anders Lee               Sam Reinhart             Drew Doughty             Victor Hedman            

Last Minutes Defensive
   Center                   Left Wing                Right Wing               Defense                  Defense                  
   Nate Thompson            Pavel Zacha              David Kampf              Kevan Miller             Jason Demers             

Goaltenders
Starting : Carey Price              
Backup : Curtis McElhinney        

Extra Forwards
Normal : Sam Reinhart, Pavel Zacha, Anders Lee - PP : Sam Reinhart, Ryan Donato - PK : Tyson Jost
Extra Defensemen
Normal : Drew Doughty, Victor Hedman, Jason Demers - PP : Alex Biega - PK : Jason Demers, Alex Biega
Penalty Shots
Sam Reinhart, David Kampf, Ryan Donato, Melker Karlsson, Pavel Zacha
Custom OT Lines Forwards
Sam Reinhart, Anders Lee, David Krejci, Pavel Zacha, Tyson Jost, Alex Chiasson, Danton Heinen, Ryan Donato, Nick Bjugstad, David Kampf
Custom OT Lines Defensemen
Drew Doughty, Victor Hedman, Jason Demers, Deryk Engelland, Kevan Miller

Scratches
Marcus Sorensen (Healthy), Radim Simek (Healthy)

% Time on Ice - Sharks

Lines # - Real PCT - Wanted PCT - Time Play
Normal Forward
1 - 32% - 32% - 18:39
2 - 28% - 28% - 16:10
3 - 23% - 25% - 13:25
4 - 17% - 15% - 9:47
Normal Defense
1 - 37% - 38% - 21:22
2 - 35% - 36% - 20:05
3 - 24% - 21% - 13:52
4 - 5% - 5% - 2:42
PP Forward
1 - 0% - 55%
2 - 0% - 45%
PP Defense
1 - 0% - 55%
2 - 0% - 45%
PK Forward
1 - 67% - 55% - 1:20
2 - 33% - 45% - 0:39
PK Defense
1 - 55% - 55% - 1:06
2 - 45% - 45% - 0:53
PK3 Forward
1 - 0% - 55%
2 - 0% - 45%
PK3 Defense
1 - 0% - 55%
2 - 0% - 45%
44 Forward
1 - 0% - 55%
2 - 0% - 45%
44 Defense
1 - 0% - 55%
2 - 0% - 45%
Last Minute Offensive  - 0:00
Last Minute Defensive  - 0:00
Total
Forward - 60:00
Defense - 60:00

% Time on Ice - Flames

Lines # - Real PCT - Wanted PCT - Time Play
Normal Forward
1 - 35% - 38% - 20:15
2 - 27% - 30% - 15:40
3 - 23% - 22% - 13:09
4 - 15% - 10% - 8:57
Normal Defense
1 - 31% - 35% - 17:43
2 - 36% - 34% - 21:00
3 - 23% - 23% - 13:07
4 - 11% - 8% - 6:11
PP Forward
1 - 57% - 60% - 1:08
2 - 43% - 40% - 0:51
PP Defense
1 - 48% - 60% - 0:57
2 - 52% - 40% - 1:02
PK Forward
1 - 0% - 60%
2 - 0% - 40%
PK Defense
1 - 0% - 60%
2 - 0% - 40%
PK3 Forward
1 - 0% - 60%
2 - 0% - 40%
PK3 Defense
1 - 0% - 60%
2 - 0% - 40%
44 Forward
1 - 0% - 60%
2 - 0% - 40%
44 Defense
1 - 0% - 60%
2 - 0% - 40%
Last Minute Offensive  - 0:00
Last Minute Defensive  - 0:00
Total
Forward - 60:00
Defense - 60:00

Play-by-Play

1st period


0:01 of 1st period - Sidney Crosby wins face-off versus Sam Reinhart in neutral zone.
0:31 of 1st period - Snap shot by Teuvo Teravainen.
0:31 of 1st period - Stopped by Carey Price with a rebound.
0:33 of 1st period - Slapshot by Kristians Rubins.
0:33 of 1st period - Shot Blocked by Victor Hedman.
0:53 of 1st period - Snap shot by Alex Chiasson.
0:53 of 1st period - Stopped by Darcy Kuemper with a rebound.
1:28 of 1st period - Wrist shot by Anders Lee.
1:28 of 1st period - Stopped by Darcy Kuemper with a rebound.
1:32 of 1st period - Wrist shot by Sam Reinhart.
1:32 of 1st period - Stopped by Darcy Kuemper without a rebound.
1:33 of 1st period - Dylan Larkin wins face-off versus Pavel Zacha in Sharks zone.
3:02 of 1st period - Backhand shot by Gabriel Landeskog.
3:02 of 1st period - Stopped by Carey Price with a rebound.
3:04 of 1st period - Snap shot by Boone Jenner.
3:04 of 1st period - Shot Blocked by Pavel Zacha.
3:08 of 1st period - Slapshot by Alex Pietrangelo.
3:08 of 1st period - Stopped by Carey Price with a rebound.
3:48 of 1st period - Wrist shot by David Krejci.
3:48 of 1st period - Stopped by Darcy Kuemper with a rebound.
4:12 of 1st period - David Krejci is hit by Kenny Agostino.
5:31 of 1st period - Andreas Johnsson is hit by Ryan Donato.
6:15 of 1st period - Gabriel Landeskog is hit by Sam Reinhart.
6:38 of 1st period - Alex Pietrangelo is hit by Deryk Engelland.
7:07 of 1st period - Robert Thomas is hit by Pavel Zacha and loses puck.
8:12 of 1st period - Gabriel Landeskog is hit by Victor Hedman and loses puck.
8:17 of 1st period - Snap shot by Sam Reinhart.
8:17 of 1st period - Deflect By Anders Lee.
8:17 of 1st period - Shot Blocked by Mirco Mueller.
8:17 of 1st period - Puck is out of play.
8:18 of 1st period - Dylan Larkin wins face-off versus David Krejci in Sharks zone.
8:23 of 1st period - Wrist shot by Dylan Larkin.
8:23 of 1st period - Shot Misses the Net.
8:52 of 1st period - Snap shot by Gabriel Landeskog.
8:52 of 1st period - Stopped by Carey Price without a rebound.
8:53 of 1st period - Sidney Crosby wins face-off versus Pavel Zacha in Flames zone.
9:18 of 1st period - Drew Doughty is hit by Boone Jenner and loses puck.
9:39 of 1st period - Snap shot by Teuvo Teravainen.
9:39 of 1st period - Stopped by Carey Price without a rebound.
9:40 of 1st period - Pavel Zacha wins face-off versus Dylan Larkin in Flames zone.
9:49 of 1st period - Backhand shot by Dylan Larkin.
9:49 of 1st period - Goal by Dylan Larkin - Sharks : 1 - Flames : 0.
9:50 of 1st period - Boone Jenner wins face-off versus David Krejci in neutral zone.
10:03 of 1st period - Snap shot by David Krejci.
10:03 of 1st period - Stopped by Darcy Kuemper with a rebound.
10:32 of 1st period - Alex Biega is hit by Mark Borowiecki.
10:49 of 1st period - Wrist shot by Teuvo Teravainen.
10:49 of 1st period - Deflect By Andreas Johnsson.
10:49 of 1st period - Shot Hit the Post.
10:49 of 1st period - Puck is out of play.
10:50 of 1st period - David Krejci wins face-off versus Kenny Agostino in Flames zone.
12:06 of 1st period - Snap shot by Boone Jenner.
12:06 of 1st period - Shot Blocked by Ryan Donato.
12:08 of 1st period - Slapshot by Boone Jenner.
12:08 of 1st period - Stopped by Carey Price without a rebound.
12:09 of 1st period - Brendan Gaunce wins face-off versus David Krejci in Flames zone.
12:18 of 1st period - Boone Jenner is hit by Anders Lee and loses puck.
12:57 of 1st period - Slapshot by Michael Raffl.
12:57 of 1st period - Shot Misses the Net.
12:59 of 1st period - Snap shot by Mirco Mueller.
12:59 of 1st period - Stopped by Carey Price without a rebound.
13:00 of 1st period - David Krejci wins face-off versus Sidney Crosby in Flames zone.
15:02 of 1st period - Wrist shot by Robert Thomas.
15:02 of 1st period - Stopped by Carey Price without a rebound.
15:03 of 1st period - David Kampf wins face-off versus Colton Sceviour in Flames zone.
15:24 of 1st period - Deryk Engelland is hit by Mirco Mueller and loses puck.
16:45 of 1st period - Snap shot by Kenny Agostino.
16:45 of 1st period - Goal by Kenny Agostino - Sharks : 2 - Flames : 0.
16:46 of 1st period - Sidney Crosby wins face-off versus Sam Reinhart in neutral zone.
16:59 of 1st period - Snap shot by Sidney Crosby.
16:59 of 1st period - Stopped by Carey Price without a rebound.
17:00 of 1st period - David Krejci wins face-off versus Gabriel Landeskog in Flames zone.
18:27 of 1st period - Wrist shot by Jonathan Huberdeau.
18:27 of 1st period - Stopped by Carey Price with a rebound.
18:29 of 1st period - Wrist shot by Sidney Crosby.
18:29 of 1st period - Shot Misses the Net.
18:31 of 1st period - Slapshot by Alex Pietrangelo.
18:31 of 1st period - Shot Misses the Net.
18:33 of 1st period - Wrist shot by Sidney Crosby.
18:33 of 1st period - Shot Blocked by Kevan Miller.
18:35 of 1st period - Slapshot by Alex Pietrangelo.
18:35 of 1st period - Stopped by Carey Price with a rebound.
18:37 of 1st period - Backhand shot by Sidney Crosby.
18:37 of 1st period - Stopped by Carey Price with a rebound.
18:39 of 1st period - Snap shot by Sidney Crosby.
18:39 of 1st period - Stopped by Carey Price with a rebound.
18:41 of 1st period - Wrist shot by Gabriel Landeskog.
18:41 of 1st period - Shot Misses the Net.
18:47 of 1st period - Wrist shot by Jonathan Huberdeau.
18:47 of 1st period - Shot Misses the Net.
18:59 of 1st period - Snap shot by Jonathan Huberdeau.
18:59 of 1st period - Shot Misses the Net.
19:01 of 1st period - Wrist shot by Sidney Crosby.
19:01 of 1st period - Stopped by Carey Price without a rebound.
19:02 of 1st period - David Krejci wins face-off versus Dylan Larkin in Flames zone.
19:34 of 1st period - Snap shot by Boone Jenner.
19:34 of 1st period - Stopped by Carey Price with a rebound.
19:36 of 1st period - Snap shot by Brendan Gaunce.
19:36 of 1st period - Stopped by Carey Price without a rebound.
19:37 of 1st period - Sam Reinhart wins face-off versus Robert Thomas in Flames zone.
19:46 of 1st period - Slapshot by Anders Lee.
19:46 of 1st period - Stopped by Darcy Kuemper with a rebound.
Goals for this period are 2 for Sharks vs 0 for Flames.
Shots for this period are 18 for Sharks vs 6 for Flames.

2nd period


0:01 of 2nd period - David Krejci wins face-off versus Dylan Larkin in neutral zone.
0:04 of 2nd period - Snap shot by Sam Reinhart.
0:04 of 2nd period - Shot Misses the Net.
0:06 of 2nd period - Snap shot by Anders Lee.
0:06 of 2nd period - Stopped by Darcy Kuemper with a rebound.
0:08 of 2nd period - Slapshot by Jason Demers.
0:08 of 2nd period - Shot Misses the Net.
0:10 of 2nd period - Slapshot by Drew Doughty.
0:10 of 2nd period - Stopped by Darcy Kuemper with a rebound.
0:32 of 2nd period - Backhand shot by Mirco Mueller.
0:32 of 2nd period - Stopped by Carey Price without a rebound.
0:33 of 2nd period - Pavel Zacha wins face-off versus Boone Jenner in Flames zone.
0:40 of 2nd period - Snap shot by Boone Jenner.
0:40 of 2nd period - Stopped by Carey Price with a rebound.
0:48 of 2nd period - Snap shot by Michael Raffl.
0:48 of 2nd period - Shot Blocked by Kevan Miller.
1:20 of 2nd period - Snap shot by Alex Pietrangelo.
1:20 of 2nd period - Stopped by Carey Price without a rebound.
1:21 of 2nd period - David Krejci wins face-off versus Dylan Larkin in Flames zone.
1:26 of 2nd period - Wrist shot by Victor Hedman.
1:26 of 2nd period - Shot Misses the Net.
1:28 of 2nd period - Wrist shot by Sam Reinhart.
1:28 of 2nd period - Stopped by Darcy Kuemper with a rebound.
1:30 of 2nd period - Wrist shot by Anders Lee.
1:30 of 2nd period - Shot Misses the Net.
1:32 of 2nd period - Slapshot by Victor Hedman.
1:32 of 2nd period - Shot Misses the Net.
1:34 of 2nd period - Slapshot by Drew Doughty.
1:34 of 2nd period - Shot Misses the Net.
1:36 of 2nd period - Snap shot by Anders Lee.
1:36 of 2nd period - Deflect By Andreas Johnsson.
1:36 of 2nd period - Shot Misses the Net.
1:36 of 2nd period - Puck is out of play.
1:37 of 2nd period - Sidney Crosby wins face-off versus Pavel Zacha in Sharks zone.
1:42 of 2nd period - Wrist shot by Sidney Crosby.
1:42 of 2nd period - Stopped by Carey Price with a rebound.
1:44 of 2nd period - Snap shot by Kristians Rubins.
1:44 of 2nd period - Stopped by Carey Price with a rebound.
1:46 of 2nd period - Wrist shot by Gabriel Landeskog.
1:46 of 2nd period - Shot Misses the Net.
2:04 of 2nd period - Ryan Donato is hit by Kenny Agostino and loses puck.
2:13 of 2nd period - Slapshot by Boone Jenner.
2:13 of 2nd period - Stopped by Carey Price without a rebound.
2:14 of 2nd period - David Krejci wins face-off versus Dylan Larkin in Flames zone.
3:05 of 2nd period - Drew Doughty is hit by Boone Jenner and loses puck.
3:12 of 2nd period - Snap shot by Boone Jenner.
3:12 of 2nd period - Shot Misses the Net.
3:14 of 2nd period - Slapshot by Mark Borowiecki.
3:14 of 2nd period - Deflect By Drew Doughty.
3:14 of 2nd period - Stopped by Carey Price with a rebound.
3:16 of 2nd period - Slapshot by Mark Borowiecki.
3:16 of 2nd period - Shot Blocked by David Kampf.
3:26 of 2nd period - Wrist shot by Sidney Crosby.
3:26 of 2nd period - Shot Blocked by Drew Doughty.
3:28 of 2nd period - Slapshot by Mirco Mueller.
3:28 of 2nd period - Shot Blocked by Victor Hedman.
3:36 of 2nd period - Snap shot by Sidney Crosby.
3:36 of 2nd period - Shot Blocked by Pavel Zacha.
5:04 of 2nd period - Jason Demers is hit by Boone Jenner and loses puck.
5:05 of 2nd period - Jason Demers from Flames is injured at 5:05 of 2nd period (Broken Right Thumb).
5:06 of 2nd period - Dylan Larkin wins face-off versus David Krejci in Flames zone.
5:17 of 2nd period - Snap shot by Sam Reinhart.
5:17 of 2nd period - Stopped by Darcy Kuemper without a rebound.
5:18 of 2nd period - David Krejci wins face-off versus Dylan Larkin in Sharks zone.
5:19 of 2nd period - Snap shot by Sam Reinhart.
5:19 of 2nd period - Deflect By Anders Lee.
5:19 of 2nd period - Shot Blocked by Mirco Mueller.
5:19 of 2nd period - Puck is out of play.
5:20 of 2nd period - David Krejci wins face-off versus Dylan Larkin in Sharks zone.
5:27 of 2nd period - Wrist shot by Sam Reinhart.
5:27 of 2nd period - Stopped by Darcy Kuemper without a rebound.
5:28 of 2nd period - David Krejci wins face-off versus Dylan Larkin in Sharks zone.
5:29 of 2nd period - Wrist shot by Anders Lee.
5:29 of 2nd period - Shot Blocked by Kristians Rubins.
5:41 of 2nd period - Snap shot by Dylan Larkin.
5:41 of 2nd period - Deflect By Andreas Johnsson.
5:41 of 2nd period - Stopped by Carey Price with a rebound.
6:04 of 2nd period - Wrist shot by David Krejci.
6:04 of 2nd period - Shot Blocked by Andreas Johnsson.
6:20 of 2nd period - Snap shot by Dylan Larkin.
6:20 of 2nd period - Deflect By Teuvo Teravainen.
6:20 of 2nd period - Shot Blocked by Sam Reinhart.
6:20 of 2nd period - Puck is out of play.
6:21 of 2nd period - Pavel Zacha wins face-off versus Sidney Crosby in Flames zone.
6:32 of 2nd period - Snap shot by Nick Bjugstad.
6:32 of 2nd period - Shot Misses the Net.
6:34 of 2nd period - Backhand shot by Nick Bjugstad.
6:34 of 2nd period - Deflect By Ryan Donato.
6:34 of 2nd period - Stopped by Darcy Kuemper with a rebound.
6:36 of 2nd period - Snap shot by Ryan Donato.
6:36 of 2nd period - Shot Misses the Net.
6:46 of 2nd period - Jonathan Huberdeau is hit by Alex Biega and loses puck.
7:09 of 2nd period - Boone Jenner is hit by Victor Hedman and loses puck.
7:30 of 2nd period - Slapshot by Drew Doughty.
7:30 of 2nd period - Deflect By Pavel Zacha.
7:30 of 2nd period - Stopped by Darcy Kuemper with a rebound.
7:32 of 2nd period - Slapshot by Victor Hedman.
7:32 of 2nd period - Stopped by Darcy Kuemper with a rebound.
8:10 of 2nd period - Icing by Nate Thompson.
8:11 of 2nd period - Nate Thompson wins face-off versus Boone Jenner in Flames zone.
9:28 of 2nd period - Off-side.
9:29 of 2nd period - Sidney Crosby wins face-off versus Pavel Zacha in neutral zone.
10:23 of 2nd period - Off-side.
10:24 of 2nd period - David Kampf wins face-off versus Kenny Agostino in neutral zone.
10:27 of 2nd period - Slapshot by Danton Heinen.
10:27 of 2nd period - Stopped by Darcy Kuemper without a rebound.
10:28 of 2nd period - David Krejci wins face-off versus Boone Jenner in Sharks zone.
10:31 of 2nd period - Snap shot by Anders Lee.
10:31 of 2nd period - Stopped by Darcy Kuemper without a rebound.
10:32 of 2nd period - David Krejci wins face-off versus Boone Jenner in Sharks zone.
10:33 of 2nd period - Snap shot by Sam Reinhart.
10:33 of 2nd period - Shot Misses the Net.
10:35 of 2nd period - Slapshot by Anders Lee.
10:35 of 2nd period - Stopped by Darcy Kuemper with a rebound.
10:37 of 2nd period - Snap shot by Sam Reinhart.
10:37 of 2nd period - Shot Misses the Net.
10:59 of 2nd period - Robert Thomas is hit by David Kampf and loses puck.
11:12 of 2nd period - Wrist shot by Danton Heinen.
11:12 of 2nd period - Stopped by Darcy Kuemper without a rebound.
11:13 of 2nd period - Sidney Crosby wins face-off versus David Krejci in Sharks zone.
11:27 of 2nd period - Slapshot by Sam Reinhart.
11:27 of 2nd period - Shot Blocked by Kristians Rubins.
11:47 of 2nd period - Mirco Mueller is hit by Nick Bjugstad and loses puck.
12:08 of 2nd period - Snap shot by Ryan Donato.
12:08 of 2nd period - Deflect By Nick Bjugstad.
12:08 of 2nd period - Shot Misses the Net.
12:08 of 2nd period - Puck is out of play.
12:09 of 2nd period - David Krejci wins face-off versus Boone Jenner in Sharks zone.
12:32 of 2nd period - Wrist shot by Danton Heinen.
12:32 of 2nd period - Goal by Danton Heinen - Sharks : 2 - Flames : 1.
12:33 of 2nd period - Sidney Crosby wins face-off versus David Krejci in neutral zone.
13:00 of 2nd period - Drew Doughty is hit by Andreas Johnsson and loses puck.
13:25 of 2nd period - Slapshot by Victor Hedman.
13:25 of 2nd period - Stopped by Darcy Kuemper with a rebound.
14:21 of 2nd period - Alex Chiasson is hit by Teuvo Teravainen and loses puck.
14:35 of 2nd period - Off-side.
14:36 of 2nd period - Pavel Zacha wins face-off versus Boone Jenner in neutral zone.
14:39 of 2nd period - Wrist shot by Kevan Miller.
14:39 of 2nd period - Deflect By Nick Bjugstad.
14:39 of 2nd period - Stopped by Darcy Kuemper without a rebound.
14:40 of 2nd period - Boone Jenner wins face-off versus Pavel Zacha in Sharks zone.
16:13 of 2nd period - Wrist shot by Boone Jenner.
16:13 of 2nd period - Stopped by Carey Price with a rebound.
16:15 of 2nd period - Slapshot by Mark Borowiecki.
16:15 of 2nd period - Shot Blocked by Kevan Miller.
16:17 of 2nd period - Wrist shot by Boone Jenner.
16:17 of 2nd period - Shot Misses the Net.
16:27 of 2nd period - Wrist shot by Boone Jenner.
16:27 of 2nd period - Stopped by Carey Price without a rebound.
16:28 of 2nd period - Sidney Crosby wins face-off versus David Krejci in Flames zone.
17:05 of 2nd period - Slapshot by Victor Hedman.
17:05 of 2nd period - Stopped by Darcy Kuemper with a rebound.
18:00 of 2nd period - Colton Sceviour is hit by Ryan Donato and loses puck.
18:27 of 2nd period - Slapshot by Alex Pietrangelo.
18:27 of 2nd period - Stopped by Carey Price without a rebound.
18:28 of 2nd period - Nate Thompson wins face-off versus Colton Sceviour in Flames zone.
19:09 of 2nd period - Sidney Crosby is hit by Alex Biega.
Goals for this period are 0 for Sharks vs 1 for Flames.
Shots for this period are 11 for Sharks vs 16 for Flames.

3rd period


0:01 of 3rd period - Anders Lee wins face-off versus Sidney Crosby in neutral zone.
0:57 of 3rd period - Wrist shot by Robert Thomas.
0:57 of 3rd period - Stopped by Carey Price without a rebound.
0:58 of 3rd period - Sidney Crosby wins face-off versus David Krejci in Flames zone.
1:25 of 3rd period - Snap shot by Pavel Zacha.
1:25 of 3rd period - Stopped by Darcy Kuemper with a rebound.
1:27 of 3rd period - Slapshot by Pavel Zacha.
1:27 of 3rd period - Shot Misses the Net.
2:21 of 3rd period - Icing by Drew Doughty.
2:22 of 3rd period - Sidney Crosby wins face-off versus David Krejci in Flames zone.
2:31 of 3rd period - Snap shot by Anders Lee.
2:31 of 3rd period - Stopped by Darcy Kuemper with a rebound.
2:33 of 3rd period - Snap shot by Sam Reinhart.
2:33 of 3rd period - Stopped by Darcy Kuemper without a rebound.
2:34 of 3rd period - Pavel Zacha wins face-off versus Sidney Crosby in Sharks zone.
2:49 of 3rd period - Wrist shot by Pavel Zacha.
2:49 of 3rd period - Shot Misses the Net.
2:59 of 3rd period - Anders Lee is hit by Mark Borowiecki and loses puck.
3:16 of 3rd period - Sam Reinhart is hit by Andreas Johnsson and loses puck.
3:27 of 3rd period - Mirco Mueller is hit by Alex Chiasson and loses puck.
3:36 of 3rd period - Snap shot by Boone Jenner.
3:36 of 3rd period - Stopped by Carey Price with a rebound.
4:33 of 3rd period - Slapshot by Drew Doughty.
4:33 of 3rd period - Shot Misses the Net.
5:04 of 3rd period - Snap shot by Nick Bjugstad.
5:04 of 3rd period - Shot Blocked by Sidney Crosby.
5:25 of 3rd period - Boone Jenner is hit by Deryk Engelland and loses puck.
5:44 of 3rd period - Mirco Mueller is hit by David Krejci and loses puck.
6:59 of 3rd period - Sidney Crosby is hit by Deryk Engelland and loses puck.
7:25 of 3rd period - Kevan Miller is hit by Michael Raffl and loses puck.
7:42 of 3rd period - Slapshot by Alex Pietrangelo.
7:42 of 3rd period - Deflect By David Krejci.
7:42 of 3rd period - Stopped by Carey Price with a rebound.
8:24 of 3rd period - David Krejci is hit by Mark Borowiecki and loses puck.
8:46 of 3rd period - Wrist shot by Jonathan Huberdeau.
8:46 of 3rd period - Stopped by Carey Price with a rebound.
8:48 of 3rd period - Slapshot by Kristians Rubins.
8:48 of 3rd period - Shot Blocked by Pavel Zacha.
9:30 of 3rd period - Icing by Dylan Larkin.
9:31 of 3rd period - Dylan Larkin wins face-off versus David Krejci in Sharks zone.
9:36 of 3rd period - Gabriel Landeskog is hit by David Krejci.
10:07 of 3rd period - Snap shot by Teuvo Teravainen.
10:07 of 3rd period - Stopped by Carey Price without a rebound.
10:08 of 3rd period - Boone Jenner wins face-off versus David Kampf in Flames zone.
10:09 of 3rd period - Slapshot by Robert Thomas.
10:09 of 3rd period - Shot Misses the Net.
10:11 of 3rd period - Slapshot by Shea Theodore.
10:11 of 3rd period - Shot Misses the Net.
10:13 of 3rd period - Wrist shot by Kenny Agostino.
10:13 of 3rd period - Stopped by Carey Price with a rebound.
10:15 of 3rd period - Wrist shot by Nelson Nogier.
10:15 of 3rd period - Shot Blocked by Alex Chiasson.
10:17 of 3rd period - Slapshot by Shea Theodore.
10:17 of 3rd period - Stopped by Carey Price without a rebound.
10:18 of 3rd period - Boone Jenner wins face-off versus Danton Heinen in Flames zone.
10:19 of 3rd period - Wrist shot by Robert Thomas.
10:19 of 3rd period - Stopped by Carey Price with a rebound.
10:21 of 3rd period - Snap shot by Boone Jenner.
10:21 of 3rd period - Shot Misses the Net.
10:23 of 3rd period - Snap shot by Alex Pietrangelo.
10:23 of 3rd period - Shot Blocked by Alex Chiasson.
10:25 of 3rd period - Snap shot by Alex Pietrangelo.
10:25 of 3rd period - Deflect By Alex Chiasson.
10:25 of 3rd period - Stopped by Carey Price with a rebound.
10:27 of 3rd period - Wrist shot by Boone Jenner.
10:27 of 3rd period - Stopped by Carey Price without a rebound.
10:28 of 3rd period - Pavel Zacha wins face-off versus Sidney Crosby in Flames zone.
11:14 of 3rd period - Slapshot by Alex Biega.
11:14 of 3rd period - Shot Blocked by Kristians Rubins.
11:16 of 3rd period - Slapshot by Kevan Miller.
11:16 of 3rd period - Deflect By Dylan Larkin.
11:16 of 3rd period - Stopped by Darcy Kuemper with a rebound.
11:18 of 3rd period - Snap shot by David Kampf.
11:18 of 3rd period - Goal by David Kampf - Sharks : 2 - Flames : 2.
11:19 of 3rd period - Sidney Crosby wins face-off versus Pavel Zacha in neutral zone.
11:22 of 3rd period - Victor Hedman is hit by Mark Borowiecki.
11:36 of 3rd period - Snap shot by Sidney Crosby.
11:36 of 3rd period - Shot Blocked by Drew Doughty.
11:46 of 3rd period - Robert Thomas is hit by David Krejci and loses puck.
11:51 of 3rd period - Wrist shot by Sam Reinhart.
11:51 of 3rd period - Shot Misses the Net.
11:53 of 3rd period - Slapshot by Deryk Engelland.
11:53 of 3rd period - Stopped by Darcy Kuemper without a rebound.
11:54 of 3rd period - Dylan Larkin wins face-off versus David Krejci in Sharks zone.
12:21 of 3rd period - Kevan Miller is hit by Jonathan Huberdeau.
13:54 of 3rd period - Boone Jenner is hit by Deryk Engelland and loses puck.
14:01 of 3rd period - Ryan Donato is hit by Boone Jenner and loses puck.
14:26 of 3rd period - Slapshot by Pavel Zacha.
14:26 of 3rd period - Shot Misses the Net.
14:34 of 3rd period - Wrist shot by Boone Jenner.
14:34 of 3rd period - Deflect By Michael Raffl.
14:34 of 3rd period - Stopped by Carey Price without a rebound.
14:35 of 3rd period - David Krejci wins face-off versus Sidney Crosby in Flames zone.
15:21 of 3rd period - Icing by Mark Borowiecki.
15:22 of 3rd period - Nate Thompson wins face-off versus Dylan Larkin in Sharks zone.
15:23 of 3rd period - Wrist shot by Tyson Jost.
15:23 of 3rd period - Stopped by Darcy Kuemper without a rebound.
15:24 of 3rd period - Sidney Crosby wins face-off versus David Krejci in Sharks zone.
15:33 of 3rd period - Sidney Crosby is hit by Anders Lee and loses puck.
15:38 of 3rd period - Slapshot by Sam Reinhart.
15:38 of 3rd period - Stopped by Darcy Kuemper without a rebound.
15:39 of 3rd period - Boone Jenner wins face-off versus Pavel Zacha in Sharks zone.
15:44 of 3rd period - Snap shot by Pavel Zacha.
15:44 of 3rd period - Shot Blocked by Alex Pietrangelo.
15:46 of 3rd period - Wrist shot by Deryk Engelland.
15:46 of 3rd period - Shot Blocked by Boone Jenner.
15:48 of 3rd period - Snap shot by Deryk Engelland.
15:48 of 3rd period - Stopped by Darcy Kuemper with a rebound.
15:50 of 3rd period - Slapshot by Victor Hedman.
15:50 of 3rd period - Shot Misses the Net.
15:52 of 3rd period - Slapshot by Ryan Donato.
15:52 of 3rd period - Stopped by Darcy Kuemper with a rebound.
15:54 of 3rd period - Snap shot by Pavel Zacha.
15:54 of 3rd period - Shot Blocked by Alex Pietrangelo.
16:00 of 3rd period - Minor Penalty to Mark Borowiecki for Tripping.
16:01 of 3rd period - Boone Jenner wins face-off versus David Krejci in Sharks zone.
17:09 of 3rd period - Boone Jenner is hit by Alex Biega and loses puck.
18:00 of 3rd period - Penalty to Mark Borowiecki is over, Mark Borowiecki is back on ice.
18:12 of 3rd period - Ryan Donato is hit by Andreas Johnsson and loses puck.
19:27 of 3rd period - David Krejci is hit by Shea Theodore and loses puck.
Goals for this period are 0 for Sharks vs 1 for Flames.
Shots for this period are 11 for Sharks vs 10 for Flames.

Overtime #1


0:01 of 1st overtime period - Sidney Crosby wins face-off versus Anders Lee in neutral zone.
0:04 of 1st overtime period - Slapshot by Alex Pietrangelo.
0:04 of 1st overtime period - Deflect By Sidney Crosby.
0:04 of 1st overtime period - Stopped by Carey Price with a rebound.
0:06 of 1st overtime period - Slapshot by Alex Pietrangelo.
0:06 of 1st overtime period - Deflect By Gabriel Landeskog.
0:06 of 1st overtime period - Shot Misses the Net.
0:06 of 1st overtime period - Puck is out of play.
0:07 of 1st overtime period - Anders Lee wins face-off versus Sidney Crosby in Flames zone.
0:26 of 1st overtime period - Wrist shot by Anders Lee.
0:26 of 1st overtime period - Shot Blocked by Alex Pietrangelo.
0:41 of 1st overtime period - Backhand shot by Gabriel Landeskog.
0:41 of 1st overtime period - Shot Blocked by Sam Reinhart.
0:43 of 1st overtime period - Snap shot by Sidney Crosby.
0:43 of 1st overtime period - Deflect By Gabriel Landeskog.
0:43 of 1st overtime period - Shot Blocked by Anders Lee.
0:43 of 1st overtime period - Puck is out of play.
0:44 of 1st overtime period - Dylan Larkin wins face-off versus David Krejci in Flames zone.
0:51 of 1st overtime period - Snap shot by Dylan Larkin.
0:51 of 1st overtime period - Stopped by Carey Price without a rebound.
0:52 of 1st overtime period - Dylan Larkin wins face-off versus David Krejci in Flames zone.
0:57 of 1st overtime period - Slapshot by Dylan Larkin.
0:57 of 1st overtime period - Shot Blocked by Pavel Zacha.
1:05 of 1st overtime period - Slapshot by David Krejci.
1:05 of 1st overtime period - Shot Misses the Net.
2:27 of 1st overtime period - Snap shot by Tyson Jost.
2:27 of 1st overtime period - Stopped by Darcy Kuemper with a rebound.
2:29 of 1st overtime period - Wrist shot by Alex Chiasson.
2:29 of 1st overtime period - Stopped by Darcy Kuemper without a rebound.
2:30 of 1st overtime period - Sidney Crosby wins face-off versus Anders Lee in Sharks zone.
3:37 of 1st overtime period - Wrist shot by Boone Jenner.
3:37 of 1st overtime period - Shot Misses the Net.
3:55 of 1st overtime period - Snap shot by David Krejci.
3:55 of 1st overtime period - Stopped by Darcy Kuemper without a rebound.
3:56 of 1st overtime period - David Krejci wins face-off versus Sidney Crosby in Sharks zone.
4:15 of 1st overtime period - Snap shot by David Krejci.
4:15 of 1st overtime period - Stopped by Darcy Kuemper with a rebound.
Goals for this period are 0 for Sharks vs 0 for Flames.
Shots for this period are 2 for Sharks vs 4 for Flames.

ShootOut


5:00 of 1st overtime period - Round #1.
5:00 of 1st overtime period - Sharks, Sidney Crosby.
5:00 of 1st overtime period - Snap shot by Sidney Crosby.
5:00 of 1st overtime period - Stopped by Carey Price.
5:00 of 1st overtime period - Flames, Sam Reinhart.
5:00 of 1st overtime period - Wrist shot by Sam Reinhart.
5:00 of 1st overtime period - Shot Misses the Net.
5:00 of 1st overtime period - Round #2.
5:00 of 1st overtime period - Sharks, Gabriel Landeskog.
5:00 of 1st overtime period - Deke by Gabriel Landeskog.
5:00 of 1st overtime period - Stopped by Carey Price.
5:00 of 1st overtime period - Flames, David Kampf.
5:00 of 1st overtime period - Wrist shot by David Kampf.
5:00 of 1st overtime period - Stopped by Darcy Kuemper.
5:00 of 1st overtime period - Round #3.
5:00 of 1st overtime period - Sharks, Dylan Larkin.
5:00 of 1st overtime period - Deke by Dylan Larkin.
5:00 of 1st overtime period - Stopped by Carey Price.
5:00 of 1st overtime period - Flames, Ryan Donato.
5:00 of 1st overtime period - Wrist shot by Ryan Donato.
5:00 of 1st overtime period - Shot Misses the Net.
5:00 of 1st overtime period - Round #4.
5:00 of 1st overtime period - Sharks, Jonathan Huberdeau.
5:00 of 1st overtime period - Snap shot by Jonathan Huberdeau.
5:00 of 1st overtime period - Stopped by Carey Price.
5:00 of 1st overtime period - Flames, Melker Karlsson.
5:00 of 1st overtime period - Wrist shot by Melker Karlsson.
5:00 of 1st overtime period - Shot Misses the Net.
5:00 of 1st overtime period - Round #5.
5:00 of 1st overtime period - Sharks, Teuvo Teravainen.
5:00 of 1st overtime period - Snap shot by Teuvo Teravainen.
5:00 of 1st overtime period - Stopped by Carey Price.
5:00 of 1st overtime period - Flames, Pavel Zacha.
5:00 of 1st overtime period - Deke by Pavel Zacha.
5:00 of 1st overtime period - Goal by Pavel Zacha. Output by the SimonT Hockey Simulator (STHS) for Eric Tremblay - Original Page W3C HTML5 Valid
Hockey Simulator - Hockey Simulation - Hockey Manager